 Dungeon Crawl Stone Soup version 0.18-a0-1147-g8e8348b (webtiles) character file.

28 st0uf the Ruffian (level 2, -4/23 HPs)
             Began as a Draconian Transmuter on Jan 22, 2016.
             Slain by an orc
             ... wielding a +0 short sword
              (8 damage)
             ... on level 3 of the Dungeon.
             The game lasted 00:04:40 (1125 turns).

st0uf the Ruffian (Draconian Transmuter)            Turns: 1125, Time: 00:04:40

Health: -4/23      AC:  4    Str: 12    XL:     2   Next: 96%
Magic:  5/5        EV: 12    Int: 13    God:
Gold:   68         SH:  0    Dex: 11    Spells: 1 memorised, 4 levels left

rFire  . . .     SeeInvis .       - Unarmed
rCold  . . .     Gourm    .     (armour unavailable)
rNeg   . . .     Faith    .     (no shield)
rPois  .         Spirit   .     (helmet restricted)
rElec  .         Dismiss  .     (no cloak)
rCorr  .         Reflect  .     (no gloves)
SustAt .         Harm     .     (no boots)
MR     .....                    (no amulet)
Stlth  +.........               (no ring)
                                (no ring)

@: not resistant to hostile enchantments, very unstealthy
A: unfitting armour, cold-blooded, AC +4
a: no special abilities


You were on level 3 of the Dungeon.
You were not hungry.

You visited 1 branch of the dungeon, and saw 4 of its levels.

You collected 68 gold pieces.

Inventory:

Missiles
 a - 29 arrows
Armour
 k - a +2 buckler
Jewellery
 e - a cursed ring of teleportation {unknown}
 m - a +1 ring of evasion {unknown}
Scrolls
 h - a scroll of blinking {unknown}
 i - a scroll of immolation {unknown}
 n - a scroll of recharging {unknown}
 o - a scroll of random uselessness {unknown}
 p - a scroll of magic mapping {unknown}
Potions
 d - a potion of might {unknown}
 g - 2 potions of brilliance {unknown}
 j - 2 potions of lignification {unknown}
 l - a potion of flight {unknown}
Books
 b - a book of Changes

   Spells                             Type                      Level
   a - Beastly Appendage              Transmutation                1
   b - Sticks to Snakes               Transmutation                2
   c - Spider Form                    Transmutation/Poison         3
   d - Ice Form                       Ice/Transmutation            4
   e - Blade Hands                    Transmutation                5
Comestibles
 c - a bread ration
 f - 3 meat rations


   Skills:
 + Level 1.1 Fighting
 + Level 1.9 Dodging
 + Level 3.6 Unarmed Combat
 + Level 2.2 Spellcasting
 * Level 2.4 Transmutations


You had 4 spell levels left.
You knew the following spells:

 Your Spells              Type           Power        Failure   Level  Hunger
a - Beastly Appendage     Trmt           #.....       12%         1    ##.....


Dungeon Overview and Level Annotations

Branches:
Dungeon (4/15)
 Temple: D:4-7

Altars:
Fedhas
Nemelex Xobeh


Innate Abilities, Weirdness & Mutations

Your plain brown scales are hard (AC +4).
Your body does not fit into most forms of armour.
You are cold-blooded and may be slowed by cold attacks.


Message History

The orc wizard blinks!
The jackal bites you but does no damage.
You hit the jackal.
The jackal is severely wounded.
The jackal closely misses you.
You closely miss the jackal. You claw the jackal.
You kill the jackal!
Your transformation is almost over.
Your talons disappear.
The orc wizard casts a spell.
The orc wizard seems to speed up.
Your magical contamination has completely faded away.
A rat comes into view.
The rat twitches its whiskers.
Found 15 stones.
Found 6 gold pieces.
You barely miss the rat. The orc closely misses you.
The rat bites you but does no damage.
You closely miss the rat. The orc hits you with a short sword!
You die...

##.##..####..............
.............#####.######
##...#..###### #.#
.......)# #.#######
........# #........
.........#
########.######.
......... .........#
.......######.....#
.......r@oo.......#
......######.....# ..(#$
#.....# # # ###.### #.###
#...# ###.# #o# #.#


You could see an orc wizard, an orc and a rat.

Vanquished Creatures
  A giant gecko (D:2)
  4 orcs (D:3)
  2 giant cockroaches
  A hobgoblin (D:2)
  A jackal (D:3)
  4 kobolds
  A quokka (D:2)
  4 bats
  2 giant newts
  A rat (D:2)
21 creatures vanquished.

Notes
Turn   | Place    | Note
--------------------------------------------------------------
     0 | D:1      | st0uf the Draconian Transmuter began the quest for the Orb.
     0 | D:1      | Reached XP level 1. HP: 16/16 MP: 3/3
     2 | D:1      | Noticed a naga
     2 | D:1      | Noticed an elf
     4 | D:1      | Noticed a felid
     4 | D:1      | Noticed a centaur
     6 | D:1      | Noticed an octopode
     6 | D:1      | Noticed a demigod
     8 | D:1      | Noticed a vine stalker
     8 | D:1      | Noticed a demonspawn
    10 | D:1      | Noticed a draconian
    10 | D:1      | Noticed a vampire
    12 | D:1      | Noticed an ogre
    12 | D:1      | Noticed a troll
    15 | D:1      | Noticed a spriggan
    17 | D:1      | Noticed a minotaur
    20 | D:1      | Noticed a halfling
    22 | D:1      | Noticed a gargoyle
    22 | D:1      | Noticed a human
    24 | D:1      | Noticed a merfolk
    24 | D:1      | Noticed a formicid
    26 | D:1      | Noticed a ghoul
    26 | D:1      | Noticed a dwarf
    28 | D:1      | Noticed a tengu
   264 | D:2      | Found a sparkling altar of Nemelex Xobeh.
   479 | D:2      | Reached XP level 2. HP: 23/23 MP: 3/5
  1036 | D:3      | Found a blossoming altar of Fedhas.
  1125 | D:3      | Slain by an orc

Vault maps used:
D:1:      kb_arrival_jail
D:2:      lemuel_round_altar, ecumenical_altar_2
D:3:      serial_bayou_pond_c, fedhas_altar_4, uniq_jessica, uniq_sigmund,
          uniq_natasha
D:4:      lemuel_blue_sif_altar, lemuel_temple_firewalk_marked, first_bread,
          lemuel_tele_altar

Action                   || total
-------------------------++-------
Melee: Unarmed           ||    83
 Cast: Beastly Appendage ||    17
  Eat: Chunk             ||     1
